Map: Troizinia LE

Players

AncapDevil

  • Race: Terran Terran
  • Spawn Location: 3:00

Extinguisher

  • Race: Terran Terran
  • Spawn Location: 5:00

Soldier

  • Race: Zerg Zerg
  • Spawn Location: 6:00

Scientist

  • Race: Zerg Zerg
  • League: Platinum
  • Spawn Location: 5:00

Gosu

  • Race: Terran Terran
  • League: Silver
  • Spawn Location: 9:00

SyntaxError

  • Race: Protoss Protoss
  • League: Gold
  • Spawn Location: 11:00

Exka

  • Race: Protoss Protoss
  • Spawn Location: 11:00

Legionc

  • Race: Protoss Protoss
  • Spawn Location: 12:00

VOD

Have the link to the VOD?

Description

Time

  • Played on: April 19, 2020, 8:39 a.m.
  • Length: 16:30
Show
View Real Time Build Order
Export as new Build Order

AncapDevil Terran 

Build Orders:  

Get SALT Encoding   

  12  0:02  SCV  
  13  0:19  SCV  
  14  0:28  Supply Depot  
  14  0:38  SCV  
  15  0:45  Refinery x2  
  15  0:51  SCV  
  15  0:55  Barracks  
  16  1:03  SCV  
  17  1:15  SCV  
  18  1:28  SCV  
  18  1:31  Supply Depot  
  19  1:45  Orbital Command  
  19  1:47  Factory  
  19  2:11  SCV  
  20  2:23  SCV  
  21  2:34  Factory Tech Lab  
  21  2:39  Armory  
  21  2:43  Marine  
  22  2:44  Command Center  
  22  2:47  SCV  
  23  2:53  Widow Mine  
  25  2:59  SCV  
  26  3:12  SCV  
  27  3:24  SCV  
  28  3:28  Terran Vehicle Weapons Level 1  
  28  3:33  Supply Depot  
  28  3:42  SCV  
  29  3:54  SCV  
  29  3:55  Thor  
  36  3:56  Orbital Command  
  36  4:10  Refinery  
  36  4:11  SCV  
  36  4:14  Refinery  
  37  4:22  Orbital Command  
  37  4:28  SCV  
  38  4:39  Thor  
  38  4:40  SCV  
  38  4:44  Engineering Bay  
  45  4:49  Supply Depot  
  45  4:51  Marine  
  46  4:54  SCV x2  
  48  5:06  SCV  
  48  5:07  SCV  
  50  5:22  Thor  
  56  5:32  Terran Vehicle And Ship Armor Level 1  
  56  5:38  Armory  
  56  5:41  Factory  
  56  5:42  SCV x2  
  58  5:54  SCV x2  
  60  6:02  Missile Turret  
  60  6:06  SCV x2, Missile Turret x2  
  62  6:39  Missile Turret  
  62  6:44  Missile Turret  
  62  7:00  Terran Vehicle Weapons Level 2  
  62  7:01  Missile Turret  
  62  7:03  Hi-Sec Auto Tracking  
  62  7:10  Missile Turret  
  62  7:18  Factory Tech Lab  
  62  7:22  Command Center  
  62  7:26  Missile Turret  
  62  7:33  Missile Turret  
  62  7:36  Missile Turret  
  62  7:38  Missile Turret  
  62  7:40  Missile Turret  
  62  7:42  SCV  
  62  7:43  SCV  
  62  7:44  Missile Turret  
  62  7:58  Marine, Thor, SCV  
  62  8:00  Supply Depot  
  62  8:04  SCV, Thor, Missile Turret  
  77  8:16  Marine  
  78  8:53  Thor x2  
  78  8:55  Orbital Command  
  90  8:57  Command Center  
  90  8:59  Supply Depot  
  90  9:00  Terran Vehicle And Ship Armor Level 2  
  90  9:01  Neosteel Armor  
  88  9:13  Marine  
  89  9:17  SCV x2  
  89  9:21  Terran Vehicle Weapons Level 3  
  89  9:22  Supply Depot  
  91  9:29  SCV  
  91  9:30  SCV  
  93  9:31  Marine  
  94  9:41  SCV  
  94  9:43  Thor  
  94  9:45  Supply Depot  
  101  9:47  Thor  
  107  9:53  Orbital Command  
  107  9:58  SCV x2  
  108  10:09  Supply Depot  
  108  10:10  SCV  
  108  10:11  SCV  
  110  10:16  Missile Turret x2  
  110  10:18  Missile Turret  
  110  10:26  Thor  
  116  10:31  Supply Depot  
  116  10:42  Refinery  
  116  10:45  Refinery  
  116  10:49  Thor  
  122  10:54  Supply Depot  
  122  10:57  Factory  
  122  11:07  SCV x2  
  122  11:08  SCV  
  125  11:16  Planetary Fortress  
  125  11:19  SCV  
  125  11:20  SCV  
  125  11:21  Thor  
  125  11:23  Supply Depot  
  133  11:33  Thor  
  133  11:35  Terran Vehicle And Ship Armor Level 3  
  139  11:40  Factory Tech Lab  
  139  11:45  Factory  
  139  11:54  SCV x3  
  142  12:04  Supply Depot  
  142  12:06  Thor x2, SCV x3  
  157  12:16  Thor  
  157  12:18  SCV x3  
  166  12:27  Supply Depot  
  166  12:30  SCV x3  
  169  12:42  SCV x3  
  172  12:45  Factory Tech Lab  
  172  12:49  Thor, Supply Depot  
  166  13:10  Thor x3  
  107  13:47  Thor  
  113  13:53  Thor x3  
  131  14:14  Missile Turret x4  
  131  14:15  Missile Turret  
  131  14:16  Missile Turret  
  131  14:17  Missile Turret x3  
  131  14:18  Missile Turret  
  127  14:34  Missile Turret  
  127  14:35  Missile Turret  
  127  14:36  Missile Turret x3  
  127  14:37  Missile Turret  
  126  14:38  Missile Turret  
  126  14:40  Missile Turret  
  126  14:41  Missile Turret x2  
  122  14:53  Thor  
  122  14:54  Thor x3  
  146  15:36  Thor x2  
  146  15:37  Thor x2  
Show
View Real Time Build Order
Export as new Build Order

Extinguisher Terran 

Build Orders:  

Get SALT Encoding   

  12  0:04  SCV  
  13  0:16  SCV  
  14  0:28  Supply Depot  
  14  0:52  Barracks  
  14  0:53  SCV  
  15  1:05  Engineering Bay, SCV  
  15  1:06  Refinery  
  16  1:14  Refinery  
  16  1:17  SCV  
  17  1:30  SCV  
  18  1:42  Orbital Command  
  18  1:54  Marine  
  19  2:08  SCV  
  19  2:09  Factory  
  19  2:12  Marine  
  21  2:20  SCV  
  22  2:33  SCV  
  22  2:35  Command Center  
  23  2:40  Supply Depot  
  23  2:47  Barracks Reactor  
  23  2:52  Factory Tech Lab  
  23  2:58  Supply Depot  
  23  3:01  SCV  
  24  3:10  Starport  
  24  3:13  SCV  
  24  3:17  Siege Tank  
  28  3:24  Marine x2  
  30  3:29  SCV  
  31  3:48  Supply Depot  
  31  3:49  Siege Tank  
  31  3:55  Orbital Command  
  34  3:57  SCV  
  34  4:01  Starport Reactor  
  35  4:09  SCV  
  36  4:13  Starport  
  36  4:25  Orbital Command  
  36  4:41  Bunker  
  36  4:46  Siege Tank  
  36  4:51  SCV  
  40  4:57  Bunker  
  40  5:04  Marine x2, SCV  
  33  5:18  Siege Tank  
  36  5:28  SCV  
  37  5:30  Missile Turret  
  37  5:40  SCV  
  38  5:47  Refinery  
  38  5:50  Siege Tank  
  38  5:52  SCV  
  38  5:53  Refinery  
  38  5:56  Missile Turret  
  42  6:01  Marine x2  
  44  6:04  SCV  
  44  6:06  SCV  
  44  6:08  Starport Reactor  
  46  6:16  SCV  
  46  6:17  Viking  
  50  6:18  SCV  
  50  6:19  Marine x2  
  50  6:22  Siege Tank  
  55  6:28  SCV  
  55  6:30  SCV  
  57  6:40  SCV  
  57  6:42  SCV  
  59  6:50  Supply Depot  
  59  6:53  SCV  
  59  6:54  Viking x3, Siege Tank, SCV  
  70  7:05  SCV  
  71  7:13  Supply Depot  
  71  7:17  SCV  
  72  7:24  Viking  
  72  7:25  Viking x2  
  72  7:26  Viking  
  72  7:29  SCV  
  81  7:35  Supply Depot  
  81  7:41  SCV  
  82  7:56  Marine x2  
  84  8:01  Command Center  
  84  8:05  Siege Tank  
  87  8:07  SCV  
  87  8:10  Supply Depot  
  88  8:13  Marine  
  88  8:14  Marine  
  88  8:17  Armory  
  88  8:19  SCV  
  91  8:31  SCV  
  91  8:33  Starport  
  92  8:35  Missile Turret  
  92  8:37  Siege Tank  
  95  8:49  Viking x2  
  95  8:54  Bunker  
  99  8:59  Missile Turret  
  99  9:05  Armory  
  99  9:14  Refinery  
  99  9:18  Planetary Fortress  
  99  9:26  Refinery  
  99  9:30  Starport Reactor  
  99  9:41  Siege Tank  
  99  9:43  Viking x4  
  110  9:48  Supply Depot  
  110  10:01  Terran Ship Weapons Level 1  
  110  10:02  Terran Vehicle And Ship Armor Level 1  
  110  10:05  Missile Turret  
  110  10:10  Viking  
  110  10:12  Viking  
  110  10:13  Viking x2  
  118  10:20  SCV  
  119  10:31  Missile Turret  
  119  10:32  SCV  
  119  10:35  Viking x2  
  124  10:40  Viking, Supply Depot  
  126  10:44  SCV  
  127  10:54  Viking  
  127  10:55  Viking x2  
  127  10:57  SCV  
  134  11:09  SCV  
  109  12:09  Viking x2  
  109  12:10  Viking x4  
  117  12:20  Starport  
  107  12:39  Viking x2  
  107  12:40  Viking x3  
  117  12:46  Viking  
  119  12:56  Starport  
  119  13:09  Viking x2  
  119  13:10  Viking x2  
  127  13:15  Starport Reactor  
  127  13:16  Viking x2  
  131  13:23  Terran Ship Weapons Level 2  
  131  13:25  Terran Vehicle And Ship Armor Level 2  
  131  13:32  Starport Reactor  
  131  13:39  Viking x2  
  131  13:40  Viking x2  
  139  13:46  Viking  
  141  13:50  Viking x2  
  141  13:51  Viking  
  147  14:09  Viking x3  
  151  14:10  Viking  
  151  14:16  Viking  
  157  14:20  Viking x2  
  157  14:21  Viking x3  
  167  14:39  Viking x4  
  173  14:46  Viking  
  173  14:50  Viking x2  
  173  14:51  Viking x3  
  183  15:09  Viking  
Show
View Real Time Build Order
Export as new Build Order

Soldier Zerg 

Build Orders: Hatch First 

Get SALT Encoding   

  12  0:03  Drone  
  13  0:08  Drone  
  14  0:25  Overlord  
  14  0:43  Drone  
  14  0:44  Drone x2  
  17  0:56  Drone  
  18  1:00  Hatchery  
  17  1:05  Drone  
  18  1:17  Spawning Pool  
  17  1:18  Extractor  
  17  1:20  Extractor, Drone  
  16  1:26  Drone  
  17  1:39  Drone  
  18  1:48  Overlord  
  18  2:00  Drone  
  19  2:06  Lair  
  19  2:10  Drone  
  19  2:13  Queen  
  19  2:14  Drone  
  23  2:21  Drone  
  24  2:24  Drone  
  25  2:30  Drone  
  25  2:35  Drone  
  25  2:36  Metabolic Boost  
  27  2:43  Drone  
  28  2:45  Drone  
  28  2:49  Extractor  
  28  2:52  Pneumatized Carapace  
  28  2:54  Drone  
  28  2:56  Drone  
  30  3:01  Spore Crawler  
  30  3:04  Drone  
  30  3:09  Queen  
  32  3:16  Overlord  
  32  3:21  Overlord  
  32  3:36  Spire, Drone  
  32  3:40  Drone  
  33  3:44  Overseer  
  33  3:46  Drone  
  34  3:50  Drone  
  34  3:53  Drone  
  36  3:56  Extractor, Drone  
  36  4:00  Drone  
  36  4:01  Drone  
  38  4:06  Spore Crawler  
  37  4:11  Spore Crawler  
  37  4:14  Drone  
  37  4:16  Drone  
  38  4:19  Drone  
  38  4:21  Drone  
  40  4:30  Drone x4  
  44  4:36  Queen  
  46  4:39  Drone  
  47  4:47  Zergling x2  
  47  4:48  Zergling x6  
  47  4:52  Drone  
  52  4:53  Overlord  
  52  5:04  Spore Crawler  
  52  5:06  Overlord  
  51  5:11  Queen  
  53  5:32  Overseer  
  53  5:33  Overseer  
  53  5:35  Overseer  
  53  5:45  Overseer  
  53  5:58  Zergling x22  
  64  6:10  Drone  
  68  6:11  Drone x3  
  68  6:16  Burrow  
  68  6:59  Spine Crawler  
  68  7:00  Overlord  
  68  7:01  Overlord x11  
  67  7:02  Spore Crawler  
  67  7:06  Infestation Pit  
  67  7:07  Zerg Flyer Weapons Level 1  
  65  7:13  Spore Crawler  
  64  7:21  Corruptor  
  64  7:22  Spore Crawler, Corruptor x4  
  73  7:31  Corruptor x2  
  73  7:32  Corruptor  
  79  7:41  Drone  
  79  7:42  Drone x2  
  82  7:44  Queen  
  84  7:55  Queen, Baneling Nest  
  85  8:01  Corruptor  
  87  8:22  Spire  
  86  8:40  Hatchery  
  85  8:44  Corruptor x4  
  85  8:48  Queen  
  95  9:01  Queen  
  97  9:22  Drone x13  
  110  9:35  Hive  
  110  9:41  Overlord, Hydralisk Den  
  110  9:45  Corruptor  
  111  10:09  Corruptor x4  
  119  10:15  Extractor  
  119  10:16  Extractor  
  117  10:24  Queen  
  119  10:30  Corruptor x3  
  125  10:45  Drone x4  
  129  10:52  Overseer  
  129  10:59  Queen  
  129  11:02  Drone x3  
  134  11:11  Zerg Flyer Weapons Level 2, Zerg Flyer Armor Level 1  
  134  11:25  Corruptor x7  
  112  12:22  Hydralisk x9  
  100  12:23  Hydralisk x12  
  100  12:26  Grooved Spines  
  139  13:12  Hydralisk x10  
  137  13:13  Hydralisk x3  
  137  13:14  Overlord  
  137  13:15  Overlord x9  
  161  13:22  Evolution Chamber  
  161  13:24  Zerg Flyer Armor Level 2  
  161  13:25  Lurker Den, Evolution Chamber  
  158  13:37  Muscular Augments  
  158  14:02  Overseer  
  158  14:20  Corruptor x5  
  158  14:21  Corruptor x9  
  186  14:33  Zerg Missile Weapons Level 1, Zerg Ground Armor Level 1  
  186  14:34  Adaptive Talons  
  186  15:01  Lurker x6  
  192  15:07  Hatchery  
  191  15:31  Seismic Spines  
  185  15:45  Corruptor x7  
  199  16:02  Extractor  
  198  16:16  Overseer x5  
Show
View Real Time Build Order
Export as new Build Order

Scientist Zerg 

Build Orders: Hatch First 

Get SALT Encoding   

  12  0:02  Drone  
  13  0:12  Overlord  
  13  0:17  Drone  
  14  0:30  Drone x2  
  16  0:50  Hatchery  
  15  0:57  Drone x2  
  15  1:00  Drone  
  18  1:13  Extractor  
  18  1:17  Spawning Pool  
  16  1:20  Drone  
  16  1:22  Drone  
  18  1:30  Drone  
  19  1:41  Drone  
  20  1:52  Overlord  
  20  2:05  Queen x2  
  20  2:06  Drone  
  20  2:07  Drone  
  26  2:13  Drone  
  26  2:14  Drone  
  28  2:16  Metabolic Boost  
  28  2:24  Drone x2  
  30  2:42  Hatchery  
  29  2:57  Overlord  
  30  3:05  Drone  
  30  3:06  Drone x4  
  30  3:08  Lair  
  34  3:14  Drone  
  34  3:19  Spore Crawler, Extractor  
  33  3:20  Drone  
  33  3:23  Drone  
  33  3:24  Drone x3  
  38  3:30  Overlord  
  38  3:44  Zergling x6  
  38  3:45  Zergling x4  
  43  3:58  Queen  
  43  3:59  Queen  
  43  4:01  Drone x3  
  43  4:02  Drone x3  
  53  4:06  Spore Crawler, Extractor  
  51  4:14  Evolution Chamber  
  51  4:15  Evolution Chamber  
  49  4:20  Extractor  
  48  4:31  Queen  
  48  4:34  Queen  
  52  4:39  Drone  
  52  4:40  Baneling Nest  
  52  4:44  Infestation Pit, Drone  
  52  4:47  Drone x6  
  52  4:49  Overlord  
  52  4:50  Overlord  
  58  5:20  Zergling x2  
  58  5:21  Zergling x20  
  64  5:22  Zergling x2  
  69  5:36  Baneling  
  69  5:39  Spore Crawler, Extractor  
  69  5:40  Extractor  
  66  5:48  Baneling x6  
  66  5:49  Baneling x2  
  66  5:53  Overseer  
  66  5:59  Overlord x8  
  66  6:00  Overlord x5  
  66  6:21  Drone x3  
  66  6:22  Drone x3  
  66  6:24  Drone x3  
  75  6:27  Drone x2  
  75  6:28  Drone x2  
  79  6:53  Drone x5  
  79  6:54  Drone x4  
  87  6:56  Drone x3  
  91  7:04  Hive  
  91  7:06  Centrifical Hooks  
  91  7:09  Zerg Melee Weapons Level 1  
  91  7:18  Zerg Ground Armor Level 1  
  91  7:29  Drone  
  93  7:30  Drone x2  
  94  7:41  Zergling x2  
  94  7:42  Zergling x18  
  94  7:43  Zergling x8  
  108  7:45  Baneling x7  
  108  7:46  Baneling x8  
  108  8:22  Adrenal Glands, Ultralisk Cavern  
  107  8:30  Extractor  
  107  8:32  Hatchery  
  105  8:39  Extractor  
  104  8:44  Drone x3  
  104  8:45  Drone x13  
  104  8:46  Drone x3  
  104  8:47  Drone  
  124  8:59  Drone x3  
  124  9:00  Overlord x2  
  127  9:08  Zerg Melee Weapons Level 2  
  127  9:10  Anabolic Synthesis  
  127  9:53  Chitinous Plating  
  127  10:01  Zergling x2  
  127  10:03  Overlord x5  
  127  10:04  Overlord  
  134  10:07  Ultralisk x6  
  134  10:08  Zergling x2  
  134  10:09  Zergling x6  
  168  10:18  Spore Crawler  
  168  10:21  Queen, Overlord x4  
  167  10:22  Overlord  
  169  10:42  Baneling  
  169  10:43  Baneling x8  
  169  10:44  Baneling x11  
  169  10:45  Baneling x10  
  169  10:51  Ultralisk x2  
  169  10:52  Zergling x2  
  169  10:53  Zergling x18  
  169  10:54  Zergling x18  
  200  10:57  Zerg Ground Armor Level 2  
  152  11:45  Ultralisk x5  
  154  11:47  Zergling x10  
  154  11:48  Zergling x24  
  154  11:49  Zergling x2  
  152  12:08  Ultralisk x2  
  158  12:09  Zergling x2  
  158  12:10  Zergling x18  
  158  12:11  Zergling x2  
  167  12:29  Ultralisk x2  
  179  12:30  Ultralisk, Zergling x2  
  179  12:31  Zergling x8  
  165  13:50  Drone  
  165  13:51  Drone x2  
  168  15:20  Hatchery  
Show
View Real Time Build Order
Export as new Build Order

Gosu Terran 

Build Orders:  

Get SALT Encoding   

  12  0:06  SCV  
  13  0:14  Supply Depot  
  13  0:23  SCV  
  14  0:43  Barracks  
  14  0:45  SCV  
  15  0:57  SCV  
  16  1:09  SCV  
  17  1:12  Refinery  
  17  1:14  Refinery  
  17  1:23  SCV  
  18  1:30  Supply Depot  
  18  1:32  Marine  
  19  1:35  SCV  
  20  1:40  Barracks  
  20  1:47  SCV  
  21  1:58  Marine  
  21  2:00  SCV  
  23  2:12  SCV  
  24  2:18  Factory  
  24  2:21  Marine  
  25  2:24  SCV  
  26  2:36  SCV  
  27  2:39  Ghost Academy  
  27  2:41  Barracks Tech Lab  
  27  2:43  Barracks Tech Lab  
  27  2:48  SCV  
  28  3:04  Starport  
  28  3:08  Ghost  
  30  3:13  Orbital Command  
  30  3:16  Factory Tech Lab  
  30  3:26  Engineering Bay  
  30  3:44  Command Center  
  30  3:52  Personal Cloaking  
  30  4:16  Supply Depot  
  30  4:27  Armory  
  30  4:37  Ghost, SCV  
  35  4:38  Widow Mine  
  35  4:49  SCV  
  36  4:58  Ghost Academy  
  36  5:08  SCV  
  37  5:17  Drilling Claws  
  37  5:19  Widow Mine  
  37  5:20  Nuke, SCV  
  40  5:29  Ghost Academy  
  40  5:32  Supply Depot  
  40  5:47  Nuke  
  38  6:53  Orbital Command  
  36  6:54  SCV  
  36  6:57  Viking  
  39  7:03  Starport  
  39  7:06  Starport, SCV  
  40  7:11  Nuke  
  40  7:18  SCV  
  40  7:19  Refinery  
  40  7:21  Refinery  
  41  7:27  Viking  
  43  7:30  SCV  
  44  7:43  Viking x2, SCV  
  49  7:53  SCV  
  49  7:55  SCV  
  49  7:57  Ghost  
  53  8:02  Viking  
  55  8:05  SCV  
  55  8:07  SCV  
  55  8:09  Terran Vehicle And Ship Armor Level 1  
  57  8:18  SCV  
  58  8:21  Widow Mine  
  60  8:37  Starport Reactor x3  
  60  8:43  Widow Mine, Ghost Academy  
  62  8:57  Supply Depot  
  62  9:00  Supply Depot  
  62  9:05  Supply Depot x2  
  62  9:10  SCV, Ghost  
  62  9:11  Widow Mine  
  67  9:23  Supply Depot, SCV  
  67  9:24  Ghost  
  68  9:28  Viking x2  
  68  9:29  Viking  
  76  9:32  Widow Mine  
  78  9:54  Widow Mine  
  78  9:57  Viking  
  78  9:58  Viking  
  84  10:15  Widow Mine  
  84  10:19  Ghost x2  
  90  10:27  Viking  
  92  10:29  Nuke  
  92  10:36  Widow Mine  
  92  10:37  Medivac  
  96  10:58  Widow Mine  
  96  11:02  Supply Depot  
  96  11:03  Supply Depot  
  98  11:13  Command Center  
  98  11:19  Widow Mine  
  100  11:29  Missile Turret x2  
  96  11:40  Widow Mine  
  75  12:38  Command Center  
  69  12:45  Missile Turret  
  69  12:47  Missile Turret  
  69  12:57  Ghost x2  
  73  13:06  Nuke  
  73  13:09  Terran Infantry Armor Level 1  
  73  13:25  Ghost x2  
  77  13:42  Supply Depot  
  77  13:47  Ghost Academy  
  77  13:48  Terran Vehicle And Ship Armor Level 2  
  73  14:26  Widow Mine  
  73  14:28  Planetary Fortress  
  75  14:32  Missile Turret  
  75  14:47  Widow Mine  
  75  14:52  Ghost x2, Missile Turret  
  77  14:56  Nuke x2  
  81  15:08  Widow Mine  
  83  15:20  Bunker  
  83  15:21  Ghost x2  
  87  15:30  Widow Mine  
  89  15:51  Widow Mine  
  89  15:55  Marauder x2  
Show
View Real Time Build Order
Export as new Build Order

SyntaxError Protoss 

Build Orders: Nexus First, Carriers 

Get SALT Encoding   

  12  0:02  Probe (Chrono Boost)  
  13  0:12  Probe (Chrono Boost)  
  14  0:17  Probe (Chrono Boost)  
  15  0:35  Pylon  
  15  0:53  Probe  
  16  0:57  Nexus  
  16  1:11  Gateway  
  16  1:19  Forge  
  16  1:22  Probe (Chrono Boost)  
  17  1:32  Assimilator  
  18  1:33  Probe (Chrono Boost)  
  18  1:38  Pylon  
  18  1:53  Photon Cannon  
  18  1:58  Photon Cannon  
  18  2:08  Cybernetics Core  
  18  2:15  Pylon  
  19  2:23  Probe x2 (Chrono Boost)  
  20  2:34  Probe x2 (Chrono Boost)  
  22  2:38  Assimilator  
  22  2:47  Shield Battery  
  22  2:50  Shield Battery  
  22  2:56  Photon Cannon  
  22  3:01  Photon Cannon  
  22  3:07  Assimilator  
  22  3:11  Assimilator  
  22  3:16  Probe (Chrono Boost)  
  22  3:17  Probe (Chrono Boost)  
  25  3:28  Probe (Chrono Boost)  
  25  3:29  Probe (Chrono Boost)  
  26  3:35  Stargate  
  26  3:44  Probe  
  28  3:48  Probe  
  28  3:56  Probe  
  28  4:00  Probe  
  30  4:08  Probe  
  31  4:12  Probe  
  32  4:19  Void Ray  
  32  4:20  Probe  
  37  4:30  Probe  
  38  4:32  Probe  
  39  4:39  Stargate  
  39  4:42  Probe  
  39  4:44  Probe  
  41  4:54  Probe  
  41  4:56  Probe  
  43  5:04  Void Ray  
  47  5:23  Fleet Beacon  
  47  5:35  Nexus  
  47  5:52  Pylon  
  47  5:54  Pylon  
  47  6:00  Probe  
  47  6:01  Probe  
  49  6:04  Protoss Shields Level 1  
  49  6:13  Probe x2  
  49  6:17  Carrier  
  49  6:18  Protoss Air Weapons Level 1  
  57  6:22  Photon Cannon  
  57  6:23  Photon Cannon  
  57  6:25  Photon Cannon, Probe x2  
  59  6:37  Probe x2  
  61  6:54  Photon Cannon  
  61  6:59  Shield Battery  
  61  7:01  Shield Battery  
  61  7:04  Shield Battery  
  61  7:05  Shield Battery  
  61  7:07  Shield Battery  
  61  7:11  Probe (Chrono Boost)  
  64  7:15  Probe (Chrono Boost)  
  64  7:16  Probe (Chrono Boost)  
  64  7:21  Pylon  
  64  7:22  Probe (Chrono Boost)  
  65  7:25  Probe x2 (Chrono Boost)  
  65  7:27  Assimilator  
  67  7:31  Assimilator  
  67  7:34  Carrier (Chrono Boost), Photon Cannon  
  67  7:35  Carrier (Chrono Boost), Probe  
  74  7:43  Pylon  
  80  7:53  Stargate x2  
  80  8:12  Photon Cannon  
  80  8:15  Photon Cannon  
  80  8:22  Probe x2  
  80  8:23  Probe  
  83  8:34  Probe x2  
  83  8:35  Probe  
  83  8:37  Twilight Council  
  86  8:43  Cybernetics Core  
  86  8:48  Carrier  
  86  8:50  Carrier, Protoss Air Armor Level 1 (Chrono Boost)  
  86  8:52  Probe x2  
  86  8:53  Probe  
  101  9:01  Pylon x2  
  101  9:03  Pylon  
  101  9:10  Robotics Facility  
  101  9:13  Protoss Shields Level 2 (Chrono Boost)  
  101  9:24  Carrier  
  101  9:30  Probe x3  
  110  9:42  Probe  
  111  9:59  Carrier  
  117  10:00  Carrier  
  123  10:13  Observer  
  124  10:22  Probe  
  125  10:34  Pylon x2  
  125  10:36  Pylon  
  125  10:37  Pylon, Protoss Air Weapons Level 2 (Chrono Boost)  
  125  10:52  Observer, Probe x2  
  125  10:57  Carrier x2  
  134  10:59  Nexus  
  134  11:03  Carrier  
  93  11:52  Carrier  
  99  12:01  Carrier x2  
  105  12:03  Nexus  
  111  12:48  Carrier  
  117  12:57  Carrier  
  117  13:05  Carrier x2  
  89  13:13  Probe  
  89  13:18  Pylon  
  90  13:20  Pylon  
  90  13:21  Pylon  
  90  13:25  Probe  
  91  13:37  Probe  
  91  13:39  Pylon  
  91  13:40  Pylon  
  92  13:46  Photon Cannon  
  92  13:47  Photon Cannon  
  92  13:49  Photon Cannon, Probe (Chrono Boost)  
  92  13:50  Photon Cannon  
  92  13:52  Photon Cannon  
  92  13:54  Photon Cannon  
  93  13:56  Photon Cannon  
  93  13:57  Photon Cannon  
  93  14:00  Probe (Chrono Boost)  
  94  14:02  Photon Cannon  
  94  14:05  Photon Cannon, Probe (Chrono Boost)  
  95  14:14  Assimilator  
  95  14:15  Probe  
  96  14:17  Assimilator  
  96  14:39  Photon Cannon x2  
  96  14:44  Photon Cannon  
  96  14:51  Probe (Chrono Boost)  
  97  15:01  Probe (Chrono Boost)  
  97  15:04  Carrier  
  97  15:06  Probe (Chrono Boost)  
  105  15:17  Probe  
  112  15:30  Probe  
Show
View Real Time Build Order
Export as new Build Order

Exka Protoss 

Build Orders: Blink Stalkers 

Get SALT Encoding   

  12  0:01  Probe (Chrono Boost)  
  13  0:10  Probe (Chrono Boost)  
  14  0:18  Pylon  
  14  0:21  Probe  
  15  0:36  Gateway  
  15  0:39  Probe  
  16  0:50  Assimilator  
  16  0:51  Probe  
  16  0:54  Assimilator  
  17  1:09  Probe  
  18  1:21  Probe  
  18  1:23  Cybernetics Core  
  19  1:25  Gateway  
  19  1:33  Probe  
  20  1:44  Pylon  
  20  1:45  Probe  
  21  1:57  Probe  
  21  2:01  Twilight Council  
  22  2:05  Gateway  
  22  2:13  Stalker  
  24  2:23  Stalker  
  24  2:29  Blink (Chrono Boost)  
  26  2:45  Stalker  
  28  2:55  Stalker  
  30  2:59  Pylon  
  30  3:17  Stalker, Pylon  
  30  3:18  Stalker  
  34  3:30  Stalker  
  36  3:47  Stalker  
  33  3:48  Stalker  
  38  3:54  Pylon  
  40  4:00  Stalker  
  42  4:17  Stalker  
  42  4:19  Stalker  
  46  4:30  Stalker  
  48  4:41  Pylon  
  48  4:42  Warp Gate (Chrono Boost)  
  48  4:47  Stalker  
  48  4:51  Stalker  
  46  5:10  Stalker  
  48  5:17  Stalker  
  46  5:27  Stalker  
  38  5:40  Stalker  
  40  5:52  Nexus  
  40  6:16  Pylon  
  40  6:19  Charge  
  40  6:25  Robotics Facility  
  40  6:27  Forge  
  38  6:35  Sentry  
  38  6:36  Sentry  
  42  6:40  Zealot  
  42  6:45  Probe  
  45  6:53  Assimilator  
  45  6:58  Probe  
  46  7:02  Protoss Ground Armor Level 1 (Chrono Boost)  
  46  7:10  Zealot, Probe  
  46  7:12  Probe  
  50  7:29  Probe  
  52  7:30  Probe  
  52  7:32  Stalker, Sentry  
  56  7:48  Probe x2  
  56  7:50  Stalker  
  60  7:57  Observer  
  61  8:12  Pylon  
  61  8:14  Gateway  
  61  8:15  Probe x2  
  63  8:20  Stalker x2  
  63  8:23  Sentry  
  69  8:30  Probe x2  
  71  8:44  Observer  
  73  8:48  Probe x2  
  73  8:50  Stalker x3  
  80  9:00  Probe  
  81  9:07  Protoss Shields Level 1 (Chrono Boost)  
  81  9:40  Probe x2  
  81  9:41  Stalker  
  81  9:42  Zealot x2  
  81  9:43  Zealot  
  91  9:56  Probe x2  
  91  9:59  Assimilator  
  93  10:00  Gateway  
  93  10:02  Gateway  
  93  10:05  Pylon  
  93  10:07  Gateway  
  93  10:10  Probe  
  94  10:14  Pylon  
  94  10:23  Probe  
  95  10:44  Observer  
  95  10:48  Stalker x2  
  95  10:49  Zealot x2  
  104  10:52  Probe x2  
  104  10:56  Stalker  
  108  10:57  Zealot  
  108  11:03  Pylon  
  110  11:04  Pylon  
  110  11:19  Protoss Ground Weapons Level 1 (Chrono Boost), Pylon  
  110  11:20  Observer (Chrono Boost)  
  110  11:21  Pylon, Probe  
  110  11:22  Probe  
  66  12:39  Zealot x3  
  66  12:40  Zealot x3  
  66  12:41  Zealot  
  80  13:00  Zealot x2  
  80  13:01  Zealot x4  
  80  13:02  Zealot  
  53  13:24  Zealot x4  
  53  13:25  Zealot x3  
  61  13:38  Probe x2  
  63  13:41  Observer (Chrono Boost)  
  63  13:46  Protoss Ground Armor Level 2 (Chrono Boost)  
  64  13:50  Probe x2  
  64  13:54  Zealot  
  68  13:55  Sentry x2  
  68  13:56  Sentry x2  
  68  13:57  Stalker x2, Observer (Chrono Boost)  
  82  14:02  Probe  
  82  14:03  Probe  
  83  14:16  Pylon  
  83  14:21  Observer (Chrono Boost)  
  84  14:34  Observer (Chrono Boost)  
  84  14:36  Stalker  
  84  14:37  Stalker x4  
  84  14:38  Stalker x2  
  99  14:41  Probe  
  99  14:42  Probe  
  101  14:48  Pylon  
  101  14:49  Gateway  
  101  14:50  Gateway  
  101  14:54  Probe x2  
  103  15:02  Photon Cannon x2  
  103  15:05  Photon Cannon  
  103  15:06  Zealot x3, Photon Cannon, Probe x2  
  111  15:07  Photon Cannon  
  111  15:10  Stalker x3  
  71  15:42  Adept x2  
  73  15:43  Adept x3  
  79  15:56  Probe x2  
  65  16:06  Stalker  
  65  16:08  Sentry, Probe x2  
Show
View Real Time Build Order
Export as new Build Order

Legionc Protoss 

Build Orders:  

Get SALT Encoding   

  12  0:01  Probe (Chrono Boost)  
  13  0:11  Probe (Chrono Boost)  
  14  0:16  Probe (Chrono Boost)  
  15  0:24  Pylon  
  15  0:37  Assimilator  
  15  0:42  Probe  
  16  0:54  Forge, Probe  
  17  1:05  Gateway  
  17  1:06  Probe (Chrono Boost)  
  19  1:19  Probe (Chrono Boost)  
  19  1:25  Pylon, Probe (Chrono Boost)  
  20  1:33  Probe  
  21  1:45  Probe  
  21  1:46  Assimilator  
  22  1:55  Cybernetics Core  
  22  1:59  Pylon  
  22  2:04  Photon Cannon  
  22  2:06  Probe (Chrono Boost)  
  23  2:17  Probe (Chrono Boost)  
  24  2:22  Probe (Chrono Boost)  
  25  2:32  Probe  
  25  2:35  Stargate  
  26  2:44  Probe  
  26  2:50  Nexus  
  27  3:02  Photon Cannon  
  27  3:14  Pylon  
  27  3:18  Void Ray  
  31  3:31  Stargate  
  31  3:44  Pylon  
  31  4:01  Void Ray  
  35  4:29  Assimilator  
  35  4:32  Assimilator, Probe x2  
  35  4:33  Photon Cannon  
  35  4:36  Photon Cannon  
  37  4:39  Void Ray  
  37  4:44  Probe x2  
  43  4:54  Void Ray  
  43  4:57  Probe  
  48  5:00  Probe  
  49  5:31  Fleet Beacon  
  49  5:42  Probe (Chrono Boost)  
  50  5:44  Pylon, Probe (Chrono Boost)  
  50  5:45  Pylon  
  51  5:53  Probe x2 (Chrono Boost)  
  53  5:57  Probe (Chrono Boost)  
  53  5:58  Probe (Chrono Boost)  
  55  6:04  Protoss Air Weapons Level 1  
  55  6:07  Stargate  
  55  6:10  Stargate  
  55  6:15  Tempest  
  60  6:43  Probe x2  
  60  6:45  Pylon, Tempest  
  60  6:46  Pylon  
  67  6:55  Probe x2  
  69  7:03  Tempest  
  69  7:05  Tempest  
  79  7:12  Tempest  
  84  7:27  Protoss Shields Level 1 (Chrono Boost)  
  84  7:28  Tempest  
  89  7:47  Tempest  
  94  8:06  Tempest  
  99  8:18  Nexus  
  99  8:31  Pylon x2  
  99  8:35  Pylon  
  99  8:37  Pylon  
  99  8:39  Assimilator  
  99  8:44  Assimilator  
  99  8:46  Probe  
  99  8:47  Probe  
  99  8:48  Pylon  
  101  8:49  Tempest  
  101  8:50  Pylon  
  101  8:52  Protoss Air Weapons Level 2  
  101  8:55  Tempest  
  111  9:12  Tempest  
  116  9:26  Probe  
  116  9:27  Probe  
  118  9:38  Probe  
  118  9:39  Probe  
  118  9:44  Tempest x2  
  130  9:46  Probe  
  130  9:51  Probe x2  
  133  9:58  Probe  
  134  10:02  Void Ray  
  134  10:03  Void Ray  
  138  10:26  Tempest  
  143  10:33  Photon Cannon x2  
  143  10:37  Photon Cannon  
  143  10:39  Photon Cannon  
  143  10:44  Photon Cannon x2  
  143  10:52  Tempest  
  143  10:53  Tempest  
  153  11:00  Cybernetics Core  
  153  11:12  Twilight Council  
  153  11:17  Tempest  
  123  12:05  Tempest x3  
  123  12:06  Tempest  
  123  12:08  Protoss Shields Level 2  
  138  12:35  Protoss Air Armor Level 1 (Chrono Boost)  
  133  12:38  Protoss Air Weapons Level 3 (Chrono Boost)  
  118  12:49  Tempest x2  
  100  13:50  Nexus  
  100  13:53  Pylon  
  100  13:55  Pylon  
  100  13:57  Pylon  
  100  13:59  Pylon  
  100  14:03  Pylon  
  100  14:06  Pylon  
  100  14:10  Assimilator  
  100  14:12  Tempest x2  
  100  14:14  Assimilator  
  100  14:15  Tempest  
  100  14:16  Tempest  
  85  14:55  Tempest  
  85  14:57  Carrier  
  66  15:15  Carrier  
  66  16:08  Nexus  
Tags
 
Add a new tag
Caveats
  • Supply blocks, unpowered buildings, or Contaminate may cause inaccurate times.
  • Supply counts are checked every 10 seconds.